 Dungeon Crawl Stone Soup version 0.24.0-1-gfbc8707122 (webtiles) character file.

Game seed: 14825511968252030969, levelgen mode: deterministic

761794 kkkmkkk the Shatterer (level 27, -30/288 HPs)
             Began as a Gnoll Earth Elementalist on Oct 25, 2019.
             Was the Champion of Cheibriados.
             Killed from afar by a Hell Sentinel (47 damage)
             ... with damnation
             ... on level 7 of the Iron City of Dis on Oct 26, 2019.
             The game lasted 05:38:16 (77255 turns).

kkkmkkk the Shatterer (Gnoll Earth Elementalist)   Turns: 77255, Time: 05:38:16

Health: -30/288    AC: 42    Str: 28      XL:     27
Magic:  19/46      EV: 43    Int: 44      God:    Cheibriados [******]
Gold:   1799       SH: 21    Dex: 43 (44) Spells: 5/65 levels left

rFire    + . .     SeeInvis .   M - +9 eveningstar (holy)
rCold    + . .     Gourm    .   S - +2 shield of Resistance {rF+ rC+ MR+}
rNeg     + . .     Faith    .   (armour currently unavailable)
rPois    ∞         Spirit   .   s - +2 helmet "Reicest" {Dex+6}
rElec    +         Reflect  .   U - scarf {repulsion}
rCorr    .         Harm     .   (gloves currently unavailable)
MR       +++..     Rnd*Tele +   (boots currently unavailable)
Stlth    +++++++++.             w - amulet of the Leaf {rPois Regen+ Dex+3}
HPRegen  0.98/turn              Q - +5 ring of evasion
MPRegen  0.30/turn              C - ring of Doucusoz {AC+2 Int+5 Dex+4}

@: statue-form, studying 2 skills, repel missiles, very slow
A: distributed training, fangs 1, hooves 1, clumsy 1, deformed body,
deterioration 1, dopey 1, teleportitis 1, wild magic 1, strong nose
}: 5/15 runes: barnacled, slimy, silver, icy, gossamer
a: End Transformation, Bend Time, Temporal Distortion, Slouch, Step From Time,
Renounce Religion


You were on level 7 of the Iron City of Dis.
You worshipped Cheibriados.
Cheibriados was exalted by your worship.
You were not hungry.
You were a stone statue.
You visited 15 branches of the dungeon, and saw 71 of its levels.
You visited 1 bazaar.
You also visited: Ice Cave.

You collected 8105 gold pieces.
You spent 6306 gold pieces at shops.

Inventory:

Hand Weapons
 M - a +9 eveningstar of holy wrath (weapon)
Missiles
 k - 54 stones (quivered)
Armour
 b - the +2 pair of gloves of Late (melded) {rPois rC+ rN+ Str-4}
   (You bought it in a shop on level 2 of the Orcish Mines)

   It affects your strength (-4).
   It protects you from cold.
   It protects you from poison.
   It protects you from negative energy.
 d - the +1 scale mail of the Eight Boll Weevils (melded) {Int+5 Stlth+}
   (You found it on level 12 of the Dungeon)

   It affects your intelligence (+5).
   It makes you more stealthy.
 s - the +2 helmet "Reicest" (worn) {Dex+6}
   (You bought it in a shop on level 3 of the Shoals)

   It affects your dexterity (+6).
 v - the +2 pair of boots "Lydwit" (melded) {Str+2}
   (You bought it in a shop on level 3 of the Depths)

   It affects your strength (+2).
 S - the +2 shield of Resistance (worn) {rF+ rC+ MR+}
   (You found it on level 9 of the Dungeon)

   It protects you from fire.
   It protects you from cold.
   It affects your resistance to hostile enchantments.
 U - a scarf of repulsion (worn)
Magical Staves
 a - an uncursed staff of wizardry
Jewellery
 u - an uncursed amulet of magic regeneration
 w - the amulet of the Leaf (around neck) {rPois Regen+ Dex+3}
   (You took it off a frost giant on level 5 of the Vaults)

   [amulet of regeneration]

   It affects your dexterity (+3).
   It protects you from poison.
   It increases your rate of regeneration.
 C - the ring of Doucusoz (right hand) {AC+2 Int+5 Dex+4}
   (You took it off a vault warden on level 5 of the Vaults)

   [ring of protection]

   It affects your AC (+2).
   It affects your intelligence (+5).
   It affects your dexterity (+4).
 H - an uncursed ring of resist corrosion
 Q - a +5 ring of evasion (left hand)
Wands
 g - a wand of enslavement (16)
 p - a wand of disintegration (41)
 r - a wand of iceblast (99)
 A - a wand of polymorph (8)
 P - a wand of digging (4)
 R - a wand of acid (19)
Scrolls
 c - a scroll of summoning
 e - 24 scrolls of teleportation
 h - 6 scrolls of magic mapping
 l - 3 scrolls of silence
 t - 3 scrolls of amnesia
 z - 5 scrolls of fog
 J - 2 scrolls of identify
 N - 22 scrolls of remove curse
 O - 4 scrolls of fear
 T - 2 scrolls of holy word
Potions
 i - 23 potions of curing
 j - 5 potions of mutation
 m - 8 potions of brilliance
 n - 8 potions of resistance
 o - a potion of invisibility
 B - 7 potions of agility
 I - a potion of heal wounds
 K - 2 potions of cancellation
 V - 7 potions of magic
 W - 12 potions of might
Books
 f - a manual of Necromancy
 q - a manual of Maces & Flails
Miscellaneous
 x - a lamp of fire
 y - a phial of floods
 D - a fan of gales
 G - 4 sacks of spiders
 L - the horn of Geryon (inert)
 X - 2 boxes of beasts
 Y - 2 phantom mirrors
 Z - a lightning rod (4/4)
Comestibles
 F - 68 rations


   Skills:
 + Level 19.4 Fighting
 + Level 19.6 Short Blades
 + Level 19.4 Long Blades
 + Level 19.4 Axes
 + Level 21.1 Maces & Flails
 + Level 19.4 Polearms
 + Level 19.4 Staves
 + Level 19.4 Slings
 + Level 19.4 Bows
 + Level 19.4 Crossbows
 + Level 19.4 Throwing
 + Level 19.4 Armour
 + Level 19.8 Dodging
 + Level 19.7 Stealth
 + Level 19.4 Shields
 + Level 19.4 Unarmed Combat
 + Level 19.9 Spellcasting
 + Level 16.8 Conjurations
 + Level 16.8 Hexes
 + Level 16.8 Charms
 + Level 16.8 Summonings
 + Level 18.4 Necromancy
 + Level 16.8 Translocations
 + Level 16.9 Transmutations
 + Level 16.8 Fire Magic
 + Level 16.8 Ice Magic
 + Level 16.8 Air Magic
 + Level 17.4 Earth Magic
 + Level 16.8 Poison Magic
 + Level 20.8 Invocations
 + Level 19.4 Evocations


You had 5 spell levels left.
You knew the following spells:

 Your Spells              Type           Power        Failure   Level  Hunger
a - Statue Form           Tmut/Erth      ########.    1%          6    None
b - Summon Mana Viper     Hex/Summ       ########     1%          5    None
c - Blink                 Tloc           N/A          1%          2    None
d - Summon Butterflies    Summ           ########     1%          1    None
e - Apportation           Tloc           ######       1%          1    None
f - Controlled Blink      Tloc           N/A          5%          8    None
g - Infestation           Necr           ########..   3%          8    None
h - Regeneration          Chrm/Necr      ########..   1%          3    None
i - Song of Slaying       Chrm           ########     1%          2    None
j - Aura of Abjuration    Summ           ########..   1%          5    None
k - Borgnjor's Vile Clut  Necr/Erth      ########..   1%          5    None
l - Sublimation of Blood  Necr           ########..   1%          2    None
m - Disjunction           Tloc           ########..   5%          8    None
n - Force Lance           Conj/Tloc      ########     1%          4    None

Your spell library contained the following spells:

 Spells                   Type           Power        Failure   Level  Hunger
 Animate Skeleton         Necr           N/A          1%          1    None
 Beastly Appendage        Tmut           ######       1%          1    None
 Confusing Touch          Hex            ######       1%          1    None
 Corona                   Hex            #######      1%          1    None
 Freeze                   Ice            ####         1%          1    None
 Infusion                 Chrm           ####         1%          1    None
 Magic Dart               Conj           ####         1%          1    None
 Pain                     Necr           ####         1%          1    None
 Sandblast                Erth           ######       1%          1    None
 Shock                    Conj/Air       ####         1%          1    None
 Sting                    Conj/Pois      ####         1%          1    None
 Summon Small Mammal      Summ           ####         1%          1    None
 Call Imp                 Summ           ########     1%          2    None
 Corpse Rot               Necr           N/A          1%          2    None
 Ensorcelled Hibernation  Hex/Ice        ######       1%          2    None
 Passwall                 Tmut/Erth      ########     1%          2    None
 Poisonous Vapours        Pois/Air       ######       1%          2    None
 Searing Ray              Conj           ######       1%          2    None
 Shroud of Golubria       Chrm/Tloc      ######       1%          2    None
 Slow                     Hex            ########     1%          2    None
 Sticks to Snakes         Tmut           ########     1%          2    None
 Swiftness                Chrm/Air       ########     1%          2    None
 Throw Frost              Conj/Ice       ######       1%          2    None
 Call Canine Familiar     Summ           ########     1%          3    None
 Confuse                  Hex            ########     1%          3    None
 Conjure Flame            Conj/Fire      ########     1%          3    None
 Dazzling Spray           Conj/Hex       ######       1%          3    None
 Gell's Gravitas          Tloc           ########..   1%          3    None
 Ignite Poison            Fire/Tmut/Pois ########     1%          3    None
 Inner Flame              Hex/Fire       ########     1%          3    None
 Lesser Beckoning         Tloc           ########..   1%          3    None
 Mephitic Cloud           Conj/Pois/Air  ########     1%          3    None
 Ozocubu's Armour         Chrm/Ice       ########     1%          3    None
 Portal Projectile        Hex/Tloc       ######       1%          3    None
 Recall                   Summ/Tloc      N/A          1%          3    None
 Spectral Weapon          Hex/Chrm       ########     1%          3    None
 Spider Form              Tmut/Pois      ########..   1%          3    None
 Static Discharge         Conj/Air       ########     1%          3    None
 Stone Arrow              Conj/Erth      ######       1%          3    None
 Summon Guardian Golem    Hex/Summ       ########     1%          3    None
 Tukima's Dance           Hex            ########     1%          3    None
 Vampiric Draining        Necr           ########..   1%          3    None
 Animate Dead             Necr           N/A          1%          4    None
 Cause Fear               Hex            ########..   1%          4    None
 Fulminant Prism          Conj/Hex       ########..   1%          4    None
 Ice Form                 Ice/Tmut       ########     1%          4    None
 Iskenderun's Mystic Bla  Conj           ########     1%          4    None
 Leda's Liquefaction      Hex/Erth       ########..   1%          4    None
 Olgreb's Toxic Radiance  Pois           ########     1%          4    None
 Passage of Golubria      Tloc           N/A          1%          4    None
 Petrify                  Tmut/Erth      ########     1%          4    None
 Summon Ice Beast         Ice/Summ       ########     1%          4    None
 Summon Lightning Spire   Summ/Air       ########     1%          4    None
 Throw Icicle             Conj/Ice       ########     1%          4    None
 Agony                    Necr           ########     1%          5    None
 Alistair's Intoxication  Tmut/Pois      ########     1%          5    None
 Blade Hands              Tmut           ########..   1%          5    None
 Bolt of Draining         Conj/Necr      ########..   1%          5    None
 Bolt of Magma            Conj/Fire/Erth ########..   1%          5    None
 Dispel Undead            Necr           ########     1%          5    None
 Excruciating Wounds      Chrm/Necr      ########..   1%          5    None
 Irradiate                Conj/Tmut      ########..   1%          5    None
 Lee's Rapid Deconstruct  Erth           ########..   1%          5    None
 Lightning Bolt           Conj/Air       ########..   1%          5    None
 Metabolic Englaciation   Hex/Ice        ########..   1%          5    None
 Silence                  Hex/Air        ########..   1%          5    None
 Summon Demon             Summ           ########..   1%          5    None
 Summon Forest            Summ/Tloc      ########..   1%          5    None
 Venom Bolt               Conj/Pois      ########..   1%          5    None
 Yara's Violent Unravell  Hex/Tmut       ########..   1%          5    None
 Bolt of Cold             Conj/Ice       ########..   1%          6    None
 Conjure Ball Lightning   Conj/Air       ########..   1%          6    None
 Darkness                 Hex            ########..   1%          6    None
 Dispersal                Tloc           ########..   1%          6    None
 Freezing Cloud           Conj/Ice/Air   ########..   1%          6    None
 Hydra Form               Tmut           ########..   1%          6    None
 Invisibility             Hex            ########     1%          6    None
 Ozocubu's Refrigeration  Ice            ########..   1%          6    None
 Shadow Creatures         Summ           N/A          1%          6    None
 Simulacrum               Ice/Necr       ########..   1%          6    None
 Dragon Form              Tmut           ########..   1%          7    None
 Haunt                    Necr/Summ      ########..   1%          7    None
 Malign Gateway           Summ/Tloc      ########..   1%          7    None
 Monstrous Menagerie      Summ           ########..   1%          7    None
 Summon Greater Demon     Summ           ########..   1%          7    None
 Summon Hydra             Summ           ########..   1%          7    None
 Borgnjor's Revivificati  Necr           ########..   3%          8    None
 Death's Door             Chrm/Necr      ########..   4%          8    None
 Necromutation            Tmut/Necr      ########..   4%          8    None
 Ignition                 Fire           ########..   5%          8    None
 Summon Horrible Things   Summ           ########..   5%          8    None
 Shatter                  Erth           ########..   45%         9    ####...
 Tornado                  Air            ########..   54%         9    ####...


Dungeon Overview and Level Annotations

Branches:
Dungeon (15/15)            Temple (1/1) D:6            Lair (6/6) D:11
 Shoals (4/4) Lair:3       Spider (4/4) Lair:3        Slime (5/5) Lair:5
    Orc (2/2) D:12            Elf (3/3) Orc:2        Vaults (5/5) D:13
  Crypt (0/3) Vaults:3     Depths (5/5) D:15           Hell (visited)
    Dis (7/7) Hell            Geh (1/7) Hell            Coc (7/7) Hell
    Tar (0/7) Hell            Zot (5/5) Depths:5      IceCv (visited)

Altars:
Ashenzari
Cheibriados
Dithmenos
Elyvilon
Gozag
Hepliaklqana
Kikubaaqudgha
Qazlal
Ru
Trog
Uskayaw
Vehumet
Zin
Beogh
Jiyva
Lugonu

Shops:
D:6 (   D:7 }   D:8 }[!   D:11 *   D:14 %   D:15 [   Orc:2 =[[:*   Elf:1 }=}
Elf:2 ?   Elf:3 [   Shoals:3 [   Depths:3 ([*

Portals:
Hell: Depths:1 Depths:2 Depths:3 Depths:4 Depths:5
Abyss: Depths:2 Depths:4
Pandemonium: Depths:3
Ziggurat: Depths:5
Trove: D:10 (show abyssal rune of Zot)

Annotations:
D:9 1 runed translucent door
Elf:2 3 runed translucent doors
Dis:7 9 runed doors
Coc:7 exclusion: ice statue, Antaeus


Innate Abilities, Weirdness & Mutations

Your experience applies equally to all skills.
You have very sharp teeth.
Your uncanny sense of smell can sniff out nearby items.
You have large cloven feet.
You are clumsy. (Dex -2)
Armour fits poorly on your strangely shaped body.
Your body sometimes deteriorates upon taking damage.
You are dopey. (Int -2)
You are occasionally teleported next to monsters.
Your spells are a little harder to cast, but a little more powerful.


Message History

The Hell Sentinel gestures at you.
The sphere of damnation explodes!
The damnation engulfs you!!!
* * * LOW HITPOINT WARNING * * *
The damnation engulfs the Hell Sentinel.
The Hell Sentinel completely resists.
Unknown command.
Okay, then.
Evoke which item? (* to show all) (? for menu, Esc to quit)
Aiming: Iceblast
Press: ? - help, Shift-Dir - straight line, f - Hell Sentinel
Aim: a Hell Sentinel The mass of ice explodes!
The iceblast engulfs the Hell Sentinel!
The Hell Sentinel partially resists.
The Hell Sentinel is lightly wounded.
The iceblast engulfs the Hell Sentinel!
The Hell Sentinel partially resists.
The Hell Sentinel is almost dead.
Your mana viper bites the Hell Sentinel but does no damage.
The Hell Sentinel gestures at you.
The sphere of damnation explodes!
The damnation engulfs you!!!
You die...

...'. ∆ ...##
##....#++
#####........
##............
#........1....
#...S1....####
#.....1..##
∆∆#.....8..#
∆∆#........#
∆∆#........#
∆∆#.......##
#########


You could see 3 Hell Sentinels and a friendly mana viper.

Vanquished Creatures
  An orb of fire (Zot:4)
  A juggernaut (Depths:2)
  11 shard shrikes
  Saint Roka (Vaults:3)
  A Killer Klown (Zot:4)
  9 caustic shrikes (Depths:2)
  Geryon (Hell)
  5 curse toes
  7 golden dragons
  4 bone dragons
  A Tzitzimitl (Dis:2)
  3 electric golems
  A Brimstone Fiend (Dis:4)
  13 tentacled monstrosities
  5 liches
  3 iron giants (Dis:7)
  24 Ice Fiends
  4 quicksilver dragons
  3 Hell Sentinels (Dis:7)
  2 deep elf blademasters (Elf:3)
  4 titans (Vaults:5)
  A deep elf master archer (Elf:3)
  4 acid blobs (Slime:5)
  3 eldritch tentacles
  A death cob (Zot:2)
  Gastronok (Lair:1)
  An Executioner (Dis:5)
  3 ancient champions
  Agnes (Elf:2)
  11 shadow dragons
  2 sphinxes (Vaults:5)
  3 azure jellies (Slime:5)
  17 storm dragons
  4 tengu reavers
  3 draconian monks
  Donald (Vaults:1)
  6 ghost moths
  14 fire giants
  7 vault wardens
  8 draconian scorchers
  5 emperor scorpions
  12 frost giants
  2 orc warlords (Orc:2)
  6 draconian knights
  A deep elf sorcerer (Elf:3)
  A balrug (Hell)
  4 cacodemons
  2 deep elf elementalists (Elf:3)
  8 draconian shifters
  3 draconian annihilators
  6 draconian stormcallers
  3 iron dragons
  An elemental wellspring (Coc:4)
  30 reapers
  A spriggan defender (Depths:4)
  11 green draconians
  12 very ugly things
  3 war gargoyles
  26 stone giants
  4 entropy weavers
  12 ironheart preservers
  11 deep elf demonologists
  4 vampire knights
  2 lorocyprocas
  13 yellow draconians
  16 spark wasps
  9 purple draconians
  11 red draconians
  6 black draconians
  The ghost of Wopp the Geomancer, a journeyman GrEE of Ashenzari (D:14)
  6 deep elf annihilators
  12 white draconians
  12 ettins
  2 merfolk javelineers (Shoals:4)
  2 green deaths
  8 quicksilver dragon zombies
  4 deep elf death magi
  7 merfolk impalers
  16 blizzard demons
  5 death oozes (Slime:5)
  14 yaktaur captains
  A deep elf high priest (Depths:2)
  3 quicksilver dragon skeletons
  5 fire dragons
  4 great orbs of eyes
  A fire dragon (shapeshifter) (Vaults:5)
  5 rakshasas
  33 ice dragons
  A kraken zombie (Hell)
  6 hydras
  20 vault guards (Vaults:5)
  5 spriggan air magi
  12 centaur warriors
  2 merfolk avatars
  A catoblepas (Shoals:2)
  3 hell beasts
  2 satyrs (Shoals:4)
  53 two-headed ogres
  16 dancing weapons
  2 death knights
  13 ogre magi
  Erica (Lair:1)
  A hell hog (Dis:2)
  12 deep troll shamans
  2 titan zombies
  3 death yaks (Lair:6)
  10 deep troll earth magi
  8 tengu warriors
  4 titan skeletons
  A vampire mage (D:15)
  7 spriggan berserkers
  5 soul eaters (Hell)
  10 hell knights
  3 storm dragon zombies
  3 iron golems
  12 deep elf knights
  2 sun demons (Hell)
  5 iron trolls
  3 storm dragon skeletons
  59 skeletal warriors
  3 ghost moth zombies
  3 golden dragon zombies
  A sixfirhy (Depths:3)
  A salamander mystic (Depths:4)
  2 fire crabs (shapeshifter)
  6 anaconda zombies
  4 unseen horrors
  3 shadow wraiths
  4 wizards
  2 glowing orange brains
  7 sea snakes
  45 deep trolls
  A sea snake (shapeshifter) (Vaults:5)
  2 flayed ghosts
  A shadow demon (Coc:7)
  8 orc knights
  7 anaconda skeletons
  8 deep elf archers
  6 ironbrand convokers
  3 shadow dragon zombies
  6 phantasmal warriors
  2 wolf spider zombies
  3 lindwurms (D:12)
  5 necromancers
  4 golden dragon skeletons
  18 harpies
  A sphinx zombie (Vaults:4)
  44 deep elf magi
  2 iron dragon zombies
  5 shadow dragon skeletons
  3 fire giant zombies
  26 wolf spiders
  13 orb spiders
  2 frost giant zombies
  2 salamanders (Depths:4)
  47 ugly things
  2 moths of wrath (shapeshifter)
  5 orc sorcerers
  11 fauns
  4 cyclopes
  6 elephants
  3 manticores
  3 shining eyes (Slime:5)
  7 black mambas
  22 moths of wrath
  2 ice statues
  4 stone giant zombies
  A naga mage (D:15)
  7 rust devils
  8 apocalypse crabs (Zot:4)
  3 merfolk sirens
  3 titan simulacra (Coc:7)
  4 dire elephant zombies
  3 fire giant skeletons
  A smoke demon (Hell)
  An iron dragon skeleton (Depths:2)
  7 vault sentinels
  A water nymph (shapeshifter) (Elf:3)
  5 centaur skeletons
  6 stone giant skeletons
  An orange demon (Depths:3)
  2 black mambas (shapeshifter)
  2 frost giant skeletons
  A spiny frog (shapeshifter) (Vaults:2)
  8 spiny frogs
  3 torpor snails
  A dire elephant skeleton (Coc:3)
  A rime drake (Lair:4)
  5 storm dragon simulacra
  A gargoyle (D:10)
  A yaktaur (shapeshifter) (D:15)
  3 emperor scorpion zombies
  A shock serpent skeleton (Coc:7)
  A rime drake (shapeshifter) (Vaults:5)
  36 freezing wraiths
  16 demonic crawlers
  45 yaktaurs
  4 hellions
  A redback zombie (D:12)
  A spriggan skeleton (Depths:2)
  7 komodo dragons
  26 tormentors
  A human skeleton (Vaults:4)
  30 ice devils
  8 anaconda simulacra
  A harpy zombie (Coc:3)
  2 red devils
  A troll (shapeshifter) (Vaults:5)
  2 meliai (D:15)
  A polar bear (shapeshifter) (Vaults:5)
  18 polar bears
  11 trolls
  17 hydra zombies
  22 merfolk
  37 jumping spiders
  A meliai (shapeshifter) (Depths:1)
  Grinder (D:3)
  3 wind drakes
  A spriggan zombie (Depths:2)
  5 bog bodies (Coc:7)
  2 fire dragon zombies
  A queen bee (shapeshifter) (Depths:2)
  20 blink frogs
  Prince Ribbit (D:7)
  4 snapping turtles
  11 alligator zombies
  20 hornets
  2 harpy skeletons
  3 hydra skeletons
  6 hippogriffs
  31 slime creatures
  A stone giant simulacrum (Coc:4)
  4 ice dragon zombies
  A dream sheep (shapeshifter) (Vaults:5)
  3 ettin zombies
  A wind drake (shapeshifter) (Vaults:3)
  2 fire giant simulacra (Coc:6)
  A dream sheep (Lair:6)
  A meliai zombie (D:13)
  Sigmund (D:3)
  42 redbacks
  14 water elementals
  2 ice dragon skeletons
  70 flying skulls
  13 shadows
  19 tarantellas
  7 spriggans
  2 air elementals (Elf:3)
  An alligator skeleton (Coc:7)
  A ynoxinul (Depths:3)
  7 wyverns
  4 fire dragon skeletons
  6 ettin skeletons
  A tarantella (shapeshifter) (Depths:2)
  A fire bat (shapeshifter) (Depths:2)
  15 wraiths
  A yak (shapeshifter) (Vaults:5)
  Grum (Lair:1)
  A golden eye (shapeshifter) (Depths:4)
  24 yaks
  9 fire elementals
  4 hungry ghosts
  A basilisk (D:15)
  10 vampire mosquitoes
  Menkaure (D:6)
  4 wargs
  2 acid dragons (Vaults:1)
  3 hydra simulacra
  4 hell hounds
  A merfolk skeleton (Coc:6)
  4 spiny frog zombies
  A floating eye (Depths:3)
  17 porcupines
  Duvessa (D:6)
  A floating eye (shapeshifter) (Depths:4)
  7 water moccasins
  2 spiny frog skeletons (Coc:5)
  3 black bears
  A fire dragon simulacrum (Coc:6)
  23 orc warriors
  A sky beast (D:4)
  A manticore zombie (Dis:7)
  2 ettin simulacra
  14 ice beasts
  3 snapping turtle zombies
  A swamp dragon zombie (Coc:3)
  2 elf zombies
  An eye of draining (shapeshifter) (Vaults:1)
  2 phantoms
  An alligator simulacrum (Hell)
  7 boggarts
  A manticore skeleton (Coc:7)
  27 ogres
  10 centaurs
  A swamp dragon skeleton (Coc:7)
  34 wolves
  5 crocodiles
  A snapping turtle skeleton (Coc:1)
  2 big kobolds
  25 bullfrogs
  A water moccasin zombie (D:8)
  An elf skeleton (Coc:1)
  3 spiny frog simulacra
  An earth elemental (Elf:2)
  A wyvern skeleton (D:9)
  5 scorpions
  A manticore simulacrum (Coc:7)
  22 wights
  3 electric eels
  A troll skeleton (Coc:7)
  2 vampire bats (Orc:2)
  3 howler monkeys
  11 crimson imps
  6 hounds
  3 centaur zombies
  5 jellies
  20 orc priests
  3 bullfrog skeletons
  16 iron imps
  Natasha (thrice) (D:2)
  Ijyb (D:3)
  2 iguanas
  18 orc wizards
  11 worker ants
  A tengu zombie (Coc:4)
  2 hound zombies
  4 mummies
  A worker ant zombie (D:11)
  A howler monkey zombie (D:9)
  8 gnolls
  16 adders
  2 naga simulacra
  3 shadow imps
  22 white imps
  2 adder zombies
  2 adder skeletons
  2 worms
  4 dart slugs
  6 leopard geckos
  103 orcs
  15 bats
  10 giant cockroaches
  5 goblins
  14 hobgoblins
  11 jackals
  14 kobolds
  5 quokkas
  2 ball pythons
  8 frilled lizards
  A giant cockroach zombie (D:5)
  3 leopard gecko skeletons
  A quokka skeleton (D:9)
  7 rats
  A fungus (Lair:5)
  5 plants
  2 tentacles (Hell)
2610 creatures vanquished.

Vanquished Creatures (collateral kills)
  the Royal Jelly (Slime:5)
  7 shard shrikes
  A curse toe (Zot:4)
  5 caustic shrikes (Depths:2)
  2 golden dragons
  3 bone dragons
  Arachne (Spider:2)
  2 liches (Depths:2)
  2 Tzitzimimeh
  An iron giant (Dis:2)
  An electric golem (Zot:4)
  3 tentacled monstrosities (Zot:4)
  2 Ice Fiends (Coc:7)
  3 titans
  2 Hell Sentinels (Dis:7)
  A deep elf master archer (Elf:3)
  A quicksilver dragon (Zot:2)
  Polyphemus (Shoals:2)
  5 acid blobs
  A sphinx (Vaults:5)
  An ancient champion (Dis:2)
  4 storm dragons
  A tengu reaver (Vaults:4)
  6 azure jellies (Slime:5)
  4 fire giants
  A draconian monk (Zot:3)
  2 deep elf sorcerers
  3 iron dragons
  3 vault wardens
  3 frost giants
  2 emperor scorpions
  A ghost moth (Spider:4)
  4 ironheart preservers
  2 very ugly things
  7 reapers
  A deep elf elementalist (Elf:3)
  A draconian annihilator (Zot:4)
  Louise (Spider:2)
  An elemental wellspring (Coc:7)
  3 draconian shifters (Zot:3)
  5 stone giants
  2 war gargoyles (Dis:7)
  2 entropy weavers
  A vampire knight (Depths:4)
  A green draconian (Depths:5)
  3 black draconians (Zot:3)
  3 deep elf demonologists
  A yellow draconian (Zot:3)
  3 white draconians
  3 purple draconians (Zot:3)
  A red draconian (Zot:3)
  5 deep elf death magi
  A merfolk javelineer (Shoals:4)
  3 deep elf annihilators (Elf:3)
  8 spark wasps
  3 death oozes (Slime:5)
  2 blizzard demons (Coc:7)
  2 merfolk impalers
  5 ettins
  3 quicksilver dragon zombies
  4 yaktaur captains
  3 fire dragons
  6 great orbs of eyes
  5 ice dragons
  6 ogre magi
  4 vault guards (Vaults:5)
  3 deep elf high priests
  2 rakshasas
  A hell beast (Dis:7)
  3 hydras
  The ghost of reggie the Markscentaur, a journeyman CeHu of Okawaru (D:10)
  A death knight (Vaults:3)
  3 death yaks (Shoals:2)
  A centaur warrior (D:15)
  2 merfolk aquamancers (Shoals:4)
  12 two-headed ogres
  A satyr (Shoals:4)
  2 dancing weapons
  A merfolk avatar (Shoals:1)
  3 deep troll shamans
  A queen ant (shapeshifter) (Vaults:1)
  3 deep troll earth magi
  4 tengu warriors
  A titan zombie (Coc:3)
  A spriggan berserker (Depths:3)
  3 hell hogs (Dis:2)
  A vampire mage (Depths:1)
  Sonja (Lair:1)
  A soul eater (Vaults:3)
  3 deep elf knights
  A storm dragon zombie (Vaults:4)
  5 iron golems (Dis:7)
  15 skeletal warriors
  A sea snake (shapeshifter) (Depths:5)
  4 anaconda zombies
  7 iron trolls
  2 storm dragon skeletons (Coc:7)
  4 sea snakes
  10 deep trolls
  A golden dragon zombie (Dis:2)
  3 glowing orange brains
  A lindwurm (D:12)
  3 anaconda skeletons
  A golden dragon skeleton (Coc:7)
  9 ironbrand convokers
  A necromancer (Vaults:4)
  6 deep elf archers
  7 orb spiders
  A shadow dragon zombie (Dis:6)
  A wolf spider zombie (Dis:6)
  A shadow demon (Dis:2)
  4 phantasmal warriors
  4 orc knights
  A manticore (Shoals:3)
  16 harpies
  4 ugly things
  A salamander (Depths:4)
  22 deep elf magi
  3 shining eyes (Slime:5)
  2 fire giant zombies
  A frost giant zombie (Dis:6)
  A stone giant zombie (Coc:6)
  3 cyclopes
  A centaur zombie (D:12)
  13 fauns
  11 wolf spiders
  5 merfolk sirens (Shoals:1)
  A shock serpent zombie (Dis:6)
  5 moths of wrath
  4 vault sentinels
  4 elephants
  3 water nymphs (Shoals:4)
  An apocalypse crab (Zot:4)
  A guardian serpent (shapeshifter) (Depths:2)
  2 titan simulacra (Coc:7)
  12 rust devils
  A torpor snail (Spider:2)
  An emperor scorpion zombie (Coc:4)
  A spiny frog (shapeshifter) (D:14)
  An eye of devastation (Slime:5)
  2 storm dragon simulacra (Coc:7)
  2 hellions (Dis:2)
  A catoblepas zombie (Dis:5)
  A minotaur zombie (Coc:7)
  A komodo dragon (Lair:6)
  12 yaktaurs
  4 tormentors
  7 freezing wraiths
  A hellwing (Depths:3)
  11 ice devils
  2 anaconda simulacra (Coc:7)
  2 hydra zombies
  3 red devils
  A tengu conjurer (Depths:5)
  A demonic crawler (Spider:3)
  18 merfolk
  4 wind drakes
  5 jumping spiders
  5 trolls
  A meliai (D:15)
  3 polar bears
  A harpy zombie (Coc:6)
  2 hydra skeletons
  4 blink frogs
  An alligator zombie (Coc:7)
  20 slime creatures
  3 bog bodies (Coc:7)
  A fire dragon zombie (Coc:7)
  4 hornets
  A snapping turtle (shapeshifter) (Vaults:4)
  2 snapping turtles (Shoals:4)
  2 dream sheep (Lair:6)
  A frost giant simulacrum (Vaults:2)
  9 flying skulls
  2 hippogriffs
  An alligator skeleton (Hell)
  A shadow (Coc:1)
  20 redbacks
  10 tarantellas
  An air elemental (Elf:2)
  2 water elementals
  5 spriggans (Lair:6)
  2 fire elementals
  3 wraiths
  18 yaks
  A basilisk (Lair:3)
  A hog (shapeshifter) (D:13)
  2 wargs
  4 hell hounds
  4 spiny frog zombies
  3 water moccasins (Lair:6)
  A floating eye (Depths:3)
  An ice beast (Coc:1)
  12 orc warriors
  A snapping turtle zombie (Coc:1)
  A spiny frog skeleton (Coc:7)
  An eye of draining (Slime:1)
  2 boggarts
  13 ogres
  7 wolves
  4 centaurs
  2 crocodiles (Lair:6)
  A snapping turtle skeleton (Coc:6)
  A swamp dragon skeleton (Coc:2)
  A bullfrog (Lair:4)
  Dowan (D:6)
  A spiny frog simulacrum (Coc:3)
  22 wights
  10 iron imps
  5 orc priests
  9 orc wizards
  2 mummies (Dis:2)
  6 white imps
  21 orcs
  2 bats (Orc:2)
  2 fungi (Lair:6)
  3 plants
799 creatures vanquished.

Vanquished Creatures (others)
  Frederick (Vaults:4)
  2 eldritch tentacles
  A storm dragon (Zot:4)
  A deep elf elementalist (Depths:3)
  A deep elf sorcerer (Elf:3)
  2 stone giants
  An elemental wellspring (Coc:7)
  A war gargoyle (Vaults:5)
  A spark wasp (Depths:4)
  A yellow draconian (Zot:4)
  A purple draconian (Depths:5)
  A deep elf knight (Elf:1)
  2 harpies (Shoals:4)
  A necromancer (Depths:1)
  A deep elf mage (Elf:2)
  A tormentor (Coc:7)
  A hydra zombie (Coc:5)
  A merfolk (Shoals:4)
  A hornet (Vaults:5)
  3 flying skulls
  A necrophage (Dis:2)
  A wight (Dis:1)
  A naga zombie (Coc:7)
  A bush (Lair:6)
  14 fungi
  106 plants
  15 tentacles
164 creatures vanquished.

Grand Total: 3573 creatures vanquished

Notes
Turn   | Place    | Note
-------+----------+-------------------------------------------
     0 | D:1      | kkkmkkk the Gnoll Earth Elementalist began the quest for
                  | the Orb.
     0 | D:1      | Reached XP level 1. HP: 13/13 MP: 6/6
   141 | D:2      | Noticed Natasha
   143 | D:2      | Killed Natasha
   143 | D:2      | Reached skill level 5 in Spellcasting
   143 | D:2      | Reached XP level 2. HP: 20/20 MP: 5/8
   143 | D:2      | Reached XP level 3. HP: 25/25 MP: 5/9
   192 | D:2      | Reached skill level 1 in Fighting
   192 | D:2      | Reached skill level 1 in Short Blades
   192 | D:2      | Reached skill level 1 in Long Blades
   192 | D:2      | Reached skill level 1 in Axes
   192 | D:2      | Reached skill level 1 in Maces & Flails
   192 | D:2      | Reached skill level 1 in Polearms
   192 | D:2      | Reached skill level 1 in Staves
   192 | D:2      | Reached skill level 1 in Slings
   192 | D:2      | Reached skill level 1 in Bows
   192 | D:2      | Reached skill level 1 in Crossbows
   192 | D:2      | Reached skill level 1 in Throwing
   192 | D:2      | Reached skill level 1 in Armour
   192 | D:2      | Reached skill level 1 in Shields
   192 | D:2      | Reached skill level 1 in Unarmed Combat
   192 | D:2      | Reached skill level 1 in Invocations
   192 | D:2      | Reached skill level 1 in Evocations
   192 | D:2      | Reached XP level 4. HP: 32/32 MP: 8/11
   206 | D:2      | Noticed Natasha
   210 | D:2      | Killed Natasha
   241 | D:1      | Reached skill level 1 in Conjurations
   241 | D:1      | Reached skill level 1 in Hexes
   241 | D:1      | Reached skill level 1 in Charms
   241 | D:1      | Reached skill level 1 in Summonings
   241 | D:1      | Reached skill level 1 in Necromancy
   241 | D:1      | Reached skill level 1 in Translocations
   241 | D:1      | Reached skill level 1 in Fire Magic
   241 | D:1      | Reached skill level 1 in Ice Magic
   241 | D:1      | Reached skill level 1 in Air Magic
   241 | D:1      | Reached skill level 1 in Poison Magic
   418 | D:1      | Reached XP level 5. HP: 37/37 MP: 12/12
   936 | D:2      | Noticed Natasha
   941 | D:2      | Killed Natasha
  1890 | D:3      | Learned a level 3 spell: Stone Arrow
  1893 | D:3      | Learned a level 2 spell: Passwall
  1936 | D:3      | Found a white marble altar of Elyvilon.
  1953 | D:3      | Learned a level 2 spell: Sticks to Snakes
  2006 | D:3      | Reached XP level 6. HP: 44/44 MP: 10/13
  2007 | D:3      | Noticed Ijyb
  2010 | D:3      | Noticed Sigmund
  2310 | D:3      | Killed Ijyb
  2557 | D:3      | Killed Sigmund
  2557 | D:3      | Reached skill level 2 in Maces & Flails
  2557 | D:3      | Reached skill level 5 in Dodging
  2557 | D:3      | Reached XP level 7. HP: 48/50 MP: 9/15
  2750 | D:3      | Noticed Grinder
  2761 | D:3      | Killed Grinder
  3547 | D:4      | Reached skill level 5 in Stealth
  3566 | D:5      | Entered Level 5 of the Dungeon
  3889 | D:4      | Noticed a yak
  3927 | D:4      | Noticed a yak
  3937 | D:4      | Noticed a yak
  3937 | D:4      | Noticed a yak
  3937 | D:4      | Noticed a yak
  3938 | D:4      | Noticed a yak
  4109 | D:4      | Reached XP level 8. HP: 57/57 MP: 5/16
  4115 | D:4      | Learned a level 4 spell: Petrify
  4769 | D:4      | Reached skill level 3 in Maces & Flails
  4959 | D:4      | Killed a yak
  4965 | D:3      | Killed a yak
  5243 | D:3      | Killed a yak
  5358 | D:3      | Killed a yak
  5567 | D:4      | Reached XP level 9. HP: 65/65 MP: 16/18
  6087 | D:5      | Got a distressingly furry ring mail
  6430 | D:6      | Found a staircase to the Ecumenical Temple.
  6442 | Temple   | Entered the Ecumenical Temple
  6456 | Temple   | Became a worshipper of Cheibriados the Contemplative
  6473 | D:6      | Found Emoelauq's Antique Weapon Emporium.
  6540 | D:6      | Noticed Menkaure
  6545 | D:6      | Killed Menkaure
  6545 | D:6      | Reached skill level 4 in Maces & Flails
  6613 | D:6      | Learned a level 5 spell: Lee's Rapid Deconstruction
  7276 | D:6      | Noticed Duvessa
  7276 | D:6      | Noticed Dowan
  7284 | D:6      | Killed Duvessa
  7285 | D:6      | Killed Dowan
  7739 | D:7      | Found a bloodstained altar of Trog.
  7823 | D:7      | Found Ijoup's Gadget Shoppe.
  7831 | D:7      | Bought a wand of acid (7) for 352 gold pieces
  7862 | D:7      | Found a stormy altar of Qazlal.
  7885 | D:7      | Noticed Prince Ribbit
  7897 | D:7      | Killed Prince Ribbit
  8195 | D:7      | Found an ancient bone altar of Kikubaaqudgha.
  8195 | D:7      | Found a hazy altar of Hepliaklqana.
  8498 | D:8      | Found a transporter.
  8561 | D:8      | Reached skill level 5 in Invocations
  8569 | D:8      | Reached * piety under Cheibriados
  8608 | D:8      | Found a radiant altar of Vehumet.
  8654 | D:8      | Found Myith's Gadget Boutique.
  8677 | D:8      | Reached XP level 10. HP: 58/73 MP: 13/20
  8936 | D:8      | Found a roughly hewn altar of Beogh.
  8936 | D:8      | Found a transporter.
  8997 | D:8      | You fall into a shaft and drop 2 floors!
  8997 | D:10     | Entered Level 10 of the Dungeon
  8999 | D:10     | Reached skill level 5 in Fighting
  8999 | D:10     | Reached skill level 5 in Short Blades
  8999 | D:10     | Reached skill level 5 in Long Blades
  8999 | D:10     | Reached skill level 5 in Axes
  8999 | D:10     | Reached skill level 5 in Maces & Flails
  8999 | D:10     | Reached skill level 5 in Polearms
  8999 | D:10     | Reached skill level 5 in Staves
  8999 | D:10     | Reached skill level 5 in Slings
  8999 | D:10     | Reached skill level 5 in Bows
  8999 | D:10     | Reached skill level 5 in Crossbows
  8999 | D:10     | Reached skill level 5 in Throwing
  8999 | D:10     | Reached skill level 5 in Armour
  8999 | D:10     | Reached skill level 5 in Shields
  8999 | D:10     | Reached skill level 5 in Unarmed Combat
  8999 | D:10     | Reached skill level 5 in Evocations
  9002 | D:10     | Reached ** piety under Cheibriados
  9546 | D:8      | Found Ifuahom's Distillery.
  9554 | D:8      | Bought a potion of magic for 104 gold pieces
  9554 | D:8      | Bought a potion of curing for 39 gold pieces
  9554 | D:8      | Bought a potion of might for 52 gold pieces
  9554 | D:8      | Bought a potion of flight for 39 gold pieces
  9681 | D:8      | Found Avese's Antique Armour Shoppe.
 10082 | D:9      | Noticed an ice dragon
 10084 | D:9      | Found the +2 shield of Resistance {rF+ rC+ MR+}
 10107 | D:9      | Learned a level 4 spell: Summon Lightning Spire
 10597 | D:9      | Reached skill level 5 in Transmutations
 10599 | D:9      | Noticed a cyan ugly thing
 10608 | D:9      | Killed a cyan ugly thing
 10608 | D:9      | Reached *** piety under Cheibriados
 10731 | D:9      | Learned a level 4 spell: Force Lance
 10761 | D:9      | Found a runed translucent door.
 10761 | D:9      | Found a runed translucent door.
 10761 | D:9      | Noticed an ice dragon
 10761 | D:9      | Noticed a fire dragon
 10762 | D:9      | Noticed a fire dragon
 10906 | D:10     | Found a portal to a secret trove of treasure.
 11084 | D:10     | Noticed a gargoyle
 11086 | D:10     | Killed a gargoyle
 11263 | D:10     | Noticed a two-headed ogre
 11273 | D:10     | Killed a two-headed ogre
 11273 | D:10     | Reached XP level 11. HP: 81/81 MP: 9/22
 11518 | D:10     | Found a runed translucent door.
 11520 | D:10     | Noticed reggie's ghost (journeyman CeHu)
 11600 | D:11     | Noticed a red ugly thing
 11609 | D:11     | Killed a red ugly thing
 11806 | D:11     | Reached skill level 6 in Maces & Flails
 11942 | D:11     | Found a staircase to the Lair.
 11949 | D:11     | Reached skill level 5 in Conjurations
 11949 | D:11     | Reached skill level 5 in Hexes
 11949 | D:11     | Reached skill level 5 in Charms
 11949 | D:11     | Reached skill level 5 in Summonings
 11949 | D:11     | Reached skill level 5 in Necromancy
 11949 | D:11     | Reached skill level 5 in Translocations
 11949 | D:11     | Reached skill level 5 in Fire Magic
 11949 | D:11     | Reached skill level 5 in Ice Magic
 11949 | D:11     | Reached skill level 5 in Air Magic
 11949 | D:11     | Reached skill level 5 in Poison Magic
 11980 | D:11     | Reached **** piety under Cheibriados
 12058 | D:11     | Found Nonuvaow's Changing Room.
 12490 | D:11     | Reached ***** piety under Cheibriados
 13078 | D:12     | Noticed a purple ugly thing
 13086 | D:12     | Killed a purple ugly thing
 13234 | D:12     | Noticed an unseen horror
 13244 | D:12     | Killed an unseen horror
 13291 | D:12     | Learned a level 3 spell: Regeneration
 13318 | D:12     | Noticed a cyan ugly thing
 13318 | D:12     | Noticed a deep elf mage
 13332 | D:12     | Killed a deep elf mage
 13519 | D:12     | Noticed a cyclops
 13527 | D:12     | Killed a cyclops
 13570 | D:12     | Killed a cyan ugly thing
 13767 | D:12     | Noticed a lindwurm
 14126 | Lair:1   | Entered Level 1 of the Lair of Beasts
 14129 | Lair:1   | Noticed Erica
 14137 | Lair:1   | Killed Erica
 14137 | Lair:1   | Reached XP level 12. HP: 89/89 MP: 10/24
 14311 | Lair:1   | Found a hazy altar of Hepliaklqana.
 14580 | Lair:1   | Noticed Sonja
 14592 | Lair:1   | Killed Sonja
 14636 | Lair:1   | Noticed Grum
 14641 | Lair:1   | Killed Grum
 14676 | Lair:1   | Noticed Gastronok
 14689 | Lair:1   | Killed Gastronok
 14689 | Lair:1   | Reached skill level 7 in Maces & Flails
 14837 | Lair:1   | Noticed a four-headed hydra
 14842 | Lair:1   | Killed a four-headed hydra
 15844 | Lair:2   | Reached ****** piety under Cheibriados
 16255 | Lair:2   | Noticed a seven-headed hydra
 16266 | Lair:2   | Killed an eight-headed hydra
 16569 | Lair:3   | Found a staircase to the Shoals.
 16600 | Lair:3   | Found a frozen archway.
 16609 | IceCv    | Entered an ice cave
 16615 | IceCv    | Reached XP level 13. HP: 98/98 MP: 16/26
 16630 | IceCv    | Learned a level 4 spell: Ice Form
 17030 | IceCv    | Noticed a frost giant
 17042 | IceCv    | Reached skill level 8 in Maces & Flails
 17055 | IceCv    | Killed a frost giant
 17218 | IceCv    | Identified the +1 ring mail of a wizard's laboratory
                  | {Str+10 Dex-4 Slay-5} (You found it on level 5 of the
                  | Dungeon)
 18296 | Lair:3   | Found a hole to the Spider Nest.
 20256 | Lair:5   | Found a viscous altar of Jiyva.
 20256 | Lair:5   | Found a staircase to the Slime Pits.
 20898 | Lair:5   | Reached skill level 10 in Spellcasting
 21066 | Lair:5   | Reached XP level 14. HP: 106/106 MP: 18/28
 21456 | Lair:6   | Entered Level 6 of the Lair of Beasts
 21471 | Lair:6   | Reached skill level 10 in Dodging
 22188 | D:12     | Found a staircase to the Orcish Mines.
 22265 | D:12     | Reached skill level 9 in Maces & Flails
 22829 | D:12     | Got a brightly glowing scale mail
 22832 | D:12     | Identified the +1 scale mail of the Eight Boll Weevils
                  | {Int+5 Stlth+} (You found it on level 12 of the Dungeon)
 22840 | D:12     | Got a polished scimitar
 22841 | D:12     | Identified the +6 scimitar "Ynao" {flame, rElec MR++ Int+3
                  | Dex-2} (You found it on level 12 of the Dungeon)
 22859 | D:13     | Reached skill level 10 in Stealth
 23355 | D:13     | Reached skill level 10 in Invocations
 23510 | D:13     | Found a gate to the Vaults.
 23844 | D:14     | Found Zuelom's Food Shoppe.
 24740 | D:14     | Reached XP level 15. HP: 79/114 MP: 7/29
 25107 | D:14     | Found a runed translucent door.
 25107 | D:14     | Noticed Wopp's ghost (journeyman GrEE)
 25191 | D:15     | Entered Level 15 of the Dungeon
 25234 | D:15     | Found Hojusuh's Armour Boutique.
 25288 | D:15     | Found a staircase to the Depths.
 26114 | D:15     | Found the +12 glaive of Prune {chop}
 26543 | D:15     | Found a sacrificial altar of Ru.
 26888 | D:11     | Bought a book of Transfigurations for 660 gold pieces
 26895 | D:11     | Learned a level 6 spell: Statue Form
 26972 | Orc:1    | Entered Level 1 of the Orcish Mines
 27019 | Orc:2    | Entered Level 2 of the Orcish Mines
 27024 | Orc:1    | Reached skill level 10 in Earth Magic
 27302 | Orc:2    | Found a staircase to the Elven Halls.
 27355 | Orc:1    | Learned a level 4 spell: Animate Dead
 27427 | Orc:1    | Found a dark tunnel.
 27545 | Orc:2    | Found Riavvuf's Retail Resort.
 27824 | Orc:2    | Found Cod Afosm's Book Shoppe.
 27841 | Orc:2    | Reached skill level 10 in Fighting
 27841 | Orc:2    | Reached skill level 10 in Short Blades
 27841 | Orc:2    | Reached skill level 10 in Long Blades
 27841 | Orc:2    | Reached skill level 10 in Axes
 27841 | Orc:2    | Reached skill level 10 in Maces & Flails
 27841 | Orc:2    | Reached skill level 10 in Polearms
 27841 | Orc:2    | Reached skill level 10 in Staves
 27841 | Orc:2    | Reached skill level 10 in Slings
 27841 | Orc:2    | Reached skill level 10 in Bows
 27841 | Orc:2    | Reached skill level 10 in Crossbows
 27841 | Orc:2    | Reached skill level 10 in Throwing
 27841 | Orc:2    | Reached skill level 10 in Armour
 27841 | Orc:2    | Reached skill level 10 in Shields
 27841 | Orc:2    | Reached skill level 10 in Unarmed Combat
 27841 | Orc:2    | Reached skill level 10 in Evocations
 27859 | Orc:2    | Found Xum Soph's Antique Armour Shoppe.
 27861 | Orc:2    | Found Roih's Jewellery Boutique.
 27903 | Orc:2    | Found Plog's Antique Armour Emporium.
 27911 | Orc:2    | Bought a pair of bloodstained gloves for 275 gold pieces
 27921 | Orc:2    | Identified the +2 pair of gloves of Late {rPois rC+ rN+
                  | Str-4} (You bought it in a shop on level 2 of the Orcish
                  | Mines)
 28093 | Orc:2    | Noticed an orc warlord
 28107 | Orc:2    | Killed an orc warlord
 28378 | Orc:1    | Noticed an orc warlord
 28401 | Orc:2    | Killed an orc warlord
 29071 | Lair:6   | Reached XP level 16. HP: 122/122 MP: 31/31
 30099 | Spider:1 | Entered Level 1 of the Spider Nest
 30844 | Spider:2 | Noticed Arachne
 30858 | Spider:2 | Killed Arachne
 31228 | Spider:2 | Noticed Louise
 31244 | Spider:2 | Killed Louise
 31298 | Spider:2 | Found a transporter.
 31353 | Spider:2 | Found a transporter.
 31983 | Spider:2 | Learned a level 5 spell: Aura of Abjuration
 32022 | Spider:2 | Learned a level 5 spell: Summon Mana Viper
 32052 | Spider:2 | Reached skill level 11 in Maces & Flails
 32707 | D:8      | Got a pitted leather armour
 32713 | D:8      | Identified the cursed +0 leather armour of Good Intentions
                  | {rN+ MR+ Stlth+} (You found it on level 8 of the Dungeon)
 32827 | D:9      | Reached XP level 17. HP: 131/131 MP: 7/33
 32977 | D:10     | Killed reggie's ghost
 33104 | Elf:1    | Entered Level 1 of the Elven Halls
 33479 | Elf:1    | Noticed a Hell Sentinel
 33858 | Elf:1    | Found Sanebom's Jewellery Shoppe.
 33859 | Elf:1    | Found Vadiuz's Gadget Boutique.
 33859 | Elf:1    | Found Irour's Gadget Boutique.
 33873 | Elf:1    | Bought a wand of clouds (6) for 360 gold pieces
 33877 | Elf:1    | Bought a phial of floods for 480 gold pieces
 34349 | Elf:2    | Noticed Agnes
 34357 | Elf:2    | Killed Agnes
 34377 | Elf:2    | Reached skill level 10 in Transmutations
 34889 | Elf:2    | Found Lumimn's Magic Scroll Shoppe.
 34956 | Elf:2    | Bought a scroll of blinking for 112 gold pieces
 34956 | Elf:2    | Bought a scroll of teleportation for 45 gold pieces
 34956 | Elf:2    | Bought a scroll of identify for 30 gold pieces
 34956 | Elf:2    | Bought a scroll of amnesia for 52 gold pieces
 35014 | Elf:2    | Found a runed translucent gate.
 35015 | Elf:2    | Found a runed translucent gate.
 35016 | Elf:2    | Found a runed translucent gate.
 35202 | Elf:3    | Entered Level 3 of the Elven Halls
 35261 | Elf:3    | Found Otyef's Antique Armour Shop.
 35437 | Elf:3    | Gained mutation: Your magical capacity is low. (-10% MP) [a
                  | shining eye]
 35850 | Elf:3    | Noticed a deep elf master archer
 35852 | Elf:3    | Noticed a deep elf blademaster
 35852 | Elf:3    | Noticed a deep elf master archer
 35853 | Elf:3    | Noticed a Brimstone Fiend
 35859 | Elf:3    | Noticed a deep elf blademaster
 35860 | Elf:3    | Killed a deep elf blademaster
 35861 | Elf:3    | Reached skill level 10 in Conjurations
 35861 | Elf:3    | Reached skill level 10 in Hexes
 35861 | Elf:3    | Reached skill level 10 in Charms
 35861 | Elf:3    | Reached skill level 10 in Summonings
 35861 | Elf:3    | Reached skill level 10 in Necromancy
 35861 | Elf:3    | Reached skill level 10 in Translocations
 35861 | Elf:3    | Reached skill level 10 in Fire Magic
 35861 | Elf:3    | Reached skill level 10 in Ice Magic
 35861 | Elf:3    | Reached skill level 10 in Air Magic
 35861 | Elf:3    | Reached skill level 10 in Poison Magic
 35863 | Elf:3    | Killed a deep elf blademaster
 35877 | Elf:3    | Killed a deep elf master archer
 35877 | Elf:3    | Reached XP level 18. HP: 139/139 MP: 4/31
 35878 | Elf:3    | Identified the +8 scimitar of Red Wine {antimagic, *Slow
                  | rF+ Dex+2}
 36174 | Elf:3    | Identified the +11 battleaxe "Tanussai" {venom, rElec rN+
                  | Dex+3}
 36180 | Elf:3    | Noticed a Brimstone Fiend
 36180 | Elf:3    | Identified the +6 halberd of Axomm {chop, MR+ Str+2}
 36959 | Elf:3    | Killed a deep elf master archer
 37370 | Elf:3    | Identified The Papyrus of Greatest Risks and Utility
 37378 | Elf:3    | Identified Sorcery, Part One
 37869 | Shoals:1 | Entered Level 1 of the Shoals
 37956 | Shoals:1 | Reached skill level 12 in Maces & Flails
 38533 | Shoals:2 | Noticed Polyphemus
 38552 | Shoals:2 | Killed Polyphemus
 39088 | Shoals:2 | Learned a level 1 spell: Apportation
 39094 | Shoals:2 | Learned a level 5 spell: Borgnjor's Vile Clutch
 39344 | Shoals:3 | Found Daguoff's Armour Emporium.
 39397 | Shoals:3 | Bought the +2 helmet "Reicest" {Dex+6} for 409 gold pieces
 39607 | Shoals:4 | Entered Level 4 of the Shoals
 39806 | Shoals:4 | Reached XP level 19. HP: 147/147 MP: 32/32
 39897 | Shoals:4 | Identified the +8 battleaxe "Batho" {drain, rN+}
 40609 | Shoals:4 | Learned a level 1 spell: Summon Butterflies
 40684 | Shoals:4 | Got a barnacled rune of Zot
 40688 | Shoals:4 | Learned a level 2 spell: Song of Slaying
 41340 | Spider:4 | Entered Level 4 of the Spider Nest
 42216 | Spider:4 | Got a gossamer rune of Zot
 42865 | Orc:2    | Bought a book of the Warp for 1080 gold pieces
 43073 | Vaults:1 | Entered Level 1 of the Vaults
 43266 | Vaults:1 | Noticed Donald
 43276 | Vaults:1 | Killed Donald
 43811 | Vaults:1 | Reached XP level 20. HP: 155/155 MP: 12/33
 43877 | Vaults:1 | Reached skill level 13 in Maces & Flails
 44205 | Vaults:1 | Learned a level 6 spell: Simulacrum
 45139 | Vaults:3 | Found a flickering gateway to a bazaar.
 45148 | Bazaar   | Entered a bazaar
 45148 | Bazaar   | Found Heesmos's Jewellery Shop.
 45151 | Bazaar   | Found Odeafata's Armour Shoppe.
 45164 | Bazaar   | Found Uqoink's Food Shop.
 45173 | Bazaar   | Found Huplump's General Store.
 45181 | Bazaar   | Found Semewk's Distillery.
 45189 | Bazaar   | Bought a potion of magic for 96 gold pieces
 45189 | Bazaar   | Bought a potion of curing for 36 gold pieces
 45189 | Bazaar   | Bought a potion of heal wounds for 60 gold pieces
 45189 | Bazaar   | Bought a potion of curing for 36 gold pieces
 45189 | Bazaar   | Bought a potion of mutation for 96 gold pieces
 45189 | Bazaar   | Bought a potion of mutation for 96 gold pieces
 45198 | Bazaar   | Bought a scroll of amnesia for 56 gold pieces
 45588 | Vaults:3 | Noticed Saint Roka
 45599 | Vaults:3 | Killed Saint Roka
 45769 | Vaults:3 | Found a staircase to the Crypt.
 46090 | Vaults:3 | Paralysed by a wizard for 2 turns
 46797 | Vaults:2 | Reached XP level 21. HP: 163/163 MP: 7/35
 47579 | Vaults:4 | Noticed Frederick
 47596 | Vaults:4 | Killed Frederick
 48922 | Vaults:4 | Reached skill level 15 in Invocations
 49266 | Depths:1 | Entered Level 1 of the Depths
 49524 | Depths:1 | Reached skill level 14 in Maces & Flails
 50140 | Depths:1 | Found a shattered altar of Ashenzari.
 50200 | Depths:1 | Found a gateway to Hell.
 50321 | Depths:1 | Reached XP level 22. HP: 172/172 MP: 13/36
 50556 | Depths:2 | Found a one-way gate to the infinite horrors of the Abyss.
 50839 | Depths:2 | Reached skill level 15 in Spellcasting
 51245 | Depths:2 | Reached skill level 15 in Dodging
 51651 | Depths:2 | Identified the cursed ring of Reireihu {rPois rN+++ Str-3
                  | Int-3 Dex-2}
 51749 | Depths:2 | Reached skill level 15 in Stealth
 51755 | Depths:2 | Paralysed by a great orb of eyes for 5 turns
 51763 | Depths:2 | Noticed a caustic shrike
 51772 | Depths:2 | Noticed a caustic shrike
 51778 | Depths:2 | Noticed a caustic shrike
 51875 | Depths:2 | Noticed a caustic shrike
 51882 | Depths:2 | Noticed a caustic shrike
 51904 | Depths:2 | Killed a caustic shrike
 51905 | Depths:2 | Killed a caustic shrike
 51905 | Depths:2 | Noticed a caustic shrike
 51915 | Depths:2 | Killed a caustic shrike
 51918 | Depths:2 | Killed a caustic shrike
 51919 | Depths:2 | Killed a caustic shrike
 51923 | Depths:2 | Killed a caustic shrike
 51927 | Depths:2 | Reached XP level 23. HP: 143/179 MP: 5/38
 51932 | Depths:2 | Reached skill level 15 in Short Blades
 52285 | Depths:2 | Noticed a caustic shrike
 52297 | Depths:2 | Killed a caustic shrike
 52315 | Depths:2 | Noticed a caustic shrike
 52325 | Depths:2 | Killed a caustic shrike
 52662 | Depths:2 | Noticed a caustic shrike
 52665 | Depths:2 | Noticed a caustic shrike
 52666 | Depths:2 | Noticed a caustic shrike
 52669 | Depths:2 | Noticed a caustic shrike
 52671 | Depths:2 | Killed a caustic shrike
 52677 | Depths:2 | Killed a caustic shrike
 52684 | Depths:2 | Noticed a caustic shrike
 52685 | Depths:2 | Killed a caustic shrike
 52687 | Depths:2 | Killed a caustic shrike
 52696 | Depths:2 | Killed a caustic shrike
 53121 | Depths:2 | Noticed a juggernaut
 53135 | Depths:2 | Killed a juggernaut
 53204 | Depths:2 | Noticed a caustic shrike
 53206 | Depths:2 | Reached skill level 15 in Fighting
 53206 | Depths:2 | Reached skill level 15 in Long Blades
 53206 | Depths:2 | Reached skill level 15 in Axes
 53206 | Depths:2 | Reached skill level 15 in Maces & Flails
 53206 | Depths:2 | Reached skill level 15 in Polearms
 53206 | Depths:2 | Reached skill level 15 in Staves
 53206 | Depths:2 | Reached skill level 15 in Slings
 53206 | Depths:2 | Reached skill level 15 in Bows
 53206 | Depths:2 | Reached skill level 15 in Crossbows
 53206 | Depths:2 | Reached skill level 15 in Throwing
 53206 | Depths:2 | Reached skill level 15 in Armour
 53206 | Depths:2 | Reached skill level 15 in Shields
 53206 | Depths:2 | Reached skill level 15 in Unarmed Combat
 53206 | Depths:2 | Reached skill level 15 in Evocations
 53215 | Depths:2 | Killed a caustic shrike
 53760 | Depths:3 | Paralysed by a floating eye for 4 turns
 54375 | Depths:3 | Found Olamot's General Store.
 54669 | Depths:3 | Found Xilaoheo's Antique Armour Shoppe.
 54742 | Depths:3 | Found Simiv's Weapon Emporium.
 55234 | Depths:3 | Found a one-way gate leading to the halls of Pandemonium.
 55385 | Depths:4 | Reached XP level 24. HP: 129/189 MP: 30/38
 56407 | Depths:4 | Found a corrupted altar of Lugonu.
 56468 | Depths:5 | Entered Level 5 of the Depths
 56899 | Depths:5 | Got a scorched quarterstaff
 57389 | Depths:5 | Found a gateway to a ziggurat.
 57788 | Depths:5 | Found a gate to the Realm of Zot.
 57873 | Hell     | Entered the Vestibule of Hell
 57873 | Hell     | Noticed Geryon
 57885 | Depths:5 | Learned a level 8 spell: Controlled Blink
 57954 | Depths:3 | Bought the +2 pair of boots "Lydwit" {Str+2} for 334 gold
                  | pieces
 57954 | Depths:3 | Bought 2 potions of magic for 208 gold pieces
 58181 | D:8      | Bought a lamp of fire for 440 gold pieces
 58181 | D:8      | Bought a box of beasts for 220 gold pieces
 58598 | Hell     | Killed Geryon
 58949 | D:12     | Learned a level 2 spell: Sublimation of Blood
 59351 | Vaults:5 | Entered Level 5 of the Vaults
 59364 | Vaults:5 | Reached XP level 25. HP: 197/197 MP: 7/39
 59515 | Vaults:5 | Reached skill level 16 in Maces & Flails
 59574 | Vaults:5 | Identified the +6 flail "Nirchoant" {crush, rPois rN+}
 59574 | Vaults:5 | Paralysed by a sphinx for 3 turns
 59801 | Vaults:5 | Identified the ring "Vuecvoyda" {Fire *Slow rElec Int+2}
 59861 | Vaults:5 | Paralysed by a great orb of eyes for 4 turns
 59997 | Vaults:5 | Identified the amulet of the Leaf {rPois Regen+ Dex+3}
 60166 | Vaults:5 | Identified the ring of Doucusoz {AC+2 Int+5 Dex+4}
 60316 | Vaults:4 | Learned a level 8 spell: Disjunction
 60416 | Vaults:5 | Got a silver rune of Zot
 60454 | Vaults:5 | Identified the +2 leather armour of Uror {rF- Int+6}
 61339 | Vaults:5 | Found the amulet of the Air {Inacc +Fly rElec EV+5 RMsl}
 61557 | Vaults:5 | Identified the Disquisition on the Helpful Arsonist
 62436 | Zot:1    | Entered Level 1 of the Realm of Zot
 62455 | Zot:1    | Reached XP level 26. HP: 140/206 MP: 7/39
 62474 | Zot:1    | Reached skill level 15 in Earth Magic
 62984 | Orc:2    | Bought a book of Minor Magic for 240 gold pieces
 62987 | Orc:2    | Learned a level 2 spell: Blink
 62993 | Orc:2    | Bought a brightly glowing leather armour for 203 gold
                  | pieces
 63003 | Orc:2    | Identified the +1 leather armour of an ice cave {+Blink}
                  | (You bought it in a shop on level 2 of the Orcish Mines)
 63248 | D:12     | Learned a level 6 spell: Freezing Cloud
 63353 | D:14     | Killed Wopp's ghost
 63504 | Hell     | Found a gateway to the freezing wastes of Cocytus.
 63657 | Coc:1    | Entered Level 1 of Cocytus
 64193 | Coc:1    | Gained mutation: Your spells are a little easier to cast,
                  | but a little less powerful. [a neqoxec]
 64279 | Coc:2    | Noticed a shard shrike
 64296 | Coc:2    | Killed a shard shrike
 64503 | Coc:4    | Noticed a shard shrike
 64503 | Coc:4    | Noticed a shard shrike
 64511 | Coc:4    | Killed a shard shrike
 64537 | Coc:4    | Killed a shard shrike
 64739 | Coc:4    | Noticed a shard shrike
 64751 | Coc:4    | Killed a shard shrike
 64982 | Coc:4    | Noticed a shard shrike
 65004 | Coc:4    | Killed a shard shrike
 65266 | Coc:5    | Reached XP level 27. HP: 132/213 MP: 36/40
 65312 | Coc:5    | Reached skill level 17 in Maces & Flails
 65584 | Coc:7    | Entered Level 7 of Cocytus
 65861 | Coc:7    | Reached skill level 15 in Transmutations
 66043 | Hell     | Found a gateway to the Iron City of Dis.
 66087 | Hell     | Found a gateway to the ashen valley of Gehenna.
 66223 | Hell     | Found a gateway to the decaying netherworld of Tartarus.
 67061 | D:12     | Learned a level 9 spell: Shatter
 67202 | Slime:1  | Entered Level 1 of the Pits of Slime
 67226 | Slime:1  | Learned a level 4 spell: Force Lance
 67294 | Slime:5  | Entered Level 5 of the Pits of Slime
 67365 | Slime:5  | Gained mutation: Armour fits poorly on your strangely
                  | shaped body. [a shining eye]
 67403 | Slime:5  | Found a viscous altar of Jiyva.
 67405 | Slime:5  | Noticed the Royal Jelly
 67437 | Slime:5  | Killed the Royal Jelly
 67437 | Slime:5  | Reached skill level 15 in Conjurations
 67437 | Slime:5  | Reached skill level 15 in Hexes
 67437 | Slime:5  | Reached skill level 15 in Charms
 67437 | Slime:5  | Reached skill level 15 in Summonings
 67437 | Slime:5  | Reached skill level 15 in Necromancy
 67437 | Slime:5  | Reached skill level 15 in Translocations
 67437 | Slime:5  | Reached skill level 15 in Fire Magic
 67437 | Slime:5  | Reached skill level 15 in Ice Magic
 67437 | Slime:5  | Reached skill level 15 in Air Magic
 67437 | Slime:5  | Reached skill level 15 in Poison Magic
 67449 | Slime:5  | Gained mutation: You tend to lose your temper in combat. [a
                  | shining eye]
 67452 | Slime:5  | Gained mutation: Your body sometimes deteriorates upon
                  | taking damage. [a shining eye]
 67455 | Slime:5  | Gained mutation: Your body often deteriorates upon taking
                  | damage. [a shining eye]
 67455 | Slime:5  | Gained mutation: You are frail. (-10% HP) [a shining eye]
 67456 | Slime:5  | Gained mutation: You do not regenerate when monsters are
                  | visible. [a shining eye]
 67463 | Slime:5  | Gained mutation: You are clumsy. (Dex -2) [a shining eye]
 67474 | Slime:5  | Identified the Disquisition on Transformation and
                  | Companions
 67484 | Slime:5  | Got a pair of scorched gloves
 67490 | Slime:5  | Identified a scroll of acquirement
 67498 | Slime:5  | Got a fine lajatang
 67553 | Slime:5  | Identified the cursed -3 pair of gloves of the King of the
                  | Hill {rPois rC+ rN+ MR+ Int-5} (You found it on level 5 of
                  | the Pits of Slime)
 67554 | Slime:5  | Identified the +5 lajatang of Cruel Justice {drain, MR+
                  | Dex+3 SInv} (You found it on level 5 of the Pits of Slime)
 67578 | Slime:5  | Got a slimy rune of Zot
 68260 | D:11     | Bought a potion of mutation for 96 gold pieces
 68265 | D:11     | Lost mutation: Your spells are a little easier to cast, but
                  | a little less powerful. [potion of mutation]
 68265 | D:11     | Lost mutation: You do not regenerate when monsters are
                  | visible. [potion of mutation]
 68265 | D:11     | Lost mutation: Your body often deteriorates upon taking
                  | damage. [potion of mutation]
 68265 | D:11     | Gained mutation: You are dopey. (Int -2) [potion of
                  | mutation]
 68265 | D:11     | Gained mutation: You are occasionally teleported next to
                  | monsters. [potion of mutation]
 68265 | D:11     | Gained mutation: Your system is resistant to poisons.
                  | (rPois) [potion of mutation]
 68340 | D:12     | Lost mutation: You tend to lose your temper in combat.
                  | [potion of mutation]
 68340 | D:12     | Lost mutation: You are dopey. (Int -2) [potion of mutation]
 68340 | D:12     | Lost mutation: Your magical capacity is low. (-10% MP)
                  | [potion of mutation]
 68340 | D:12     | Lost mutation: Armour fits poorly on your strangely shaped
                  | body. [potion of mutation]
 68340 | D:12     | Gained mutation: You are resistant to electric shocks.
                  | (rElec) [potion of mutation]
 68340 | D:12     | Gained mutation: You have a pair of small horns on your
                  | head. [potion of mutation]
 68340 | D:12     | Gained mutation: You have supernaturally acute eyesight.
                  | (SInv) [potion of mutation]
 68341 | D:12     | Lost mutation: Your body sometimes deteriorates upon taking
                  | damage. [potion of mutation]
 68341 | D:12     | Lost mutation: You are clumsy. (Dex -2) [potion of
                  | mutation]
 68341 | D:12     | Lost mutation: Your system is resistant to poisons. (rPois)
                  | [potion of mutation]
 68341 | D:12     | Lost mutation: You have a pair of small horns on your head.
                  | [potion of mutation]
 68341 | D:12     | Gained mutation: You occasionally shout uncontrollably at
                  | your foes. [potion of mutation]
 68341 | D:12     | Gained mutation: You are partially covered in icy blue
                  | scales. (AC +2) [potion of mutation]
 68342 | D:12     | Lost mutation: You are frail. (-10% HP) [potion of
                  | mutation]
 68342 | D:12     | Lost mutation: You are occasionally teleported next to
                  | monsters. [potion of mutation]
 68342 | D:12     | Lost mutation: You are partially covered in icy blue
                  | scales. (AC +2) [potion of mutation]
 68342 | D:12     | Gained mutation: Your spells are a little harder to cast,
                  | but a little more powerful. [potion of mutation]
 68342 | D:12     | Gained mutation: You have large cloven feet. [potion of
                  | mutation]
 69824 | Zot:2    | Reached skill level 18 in Maces & Flails
 69930 | Zot:2    | Learned a level 8 spell: Infestation
 70019 | Zot:2    | You fall into a shaft and drop 2 floors!
 70185 | Zot:4    | Noticed an orb of fire
 70195 | Zot:4    | Lost mutation: You occasionally shout uncontrollably at
                  | your foes. [an orb of fire]
 71312 | Zot:4    | Reached skill level 19 in Maces & Flails
 71314 | Zot:4    | Lost mutation: You are resistant to electric shocks.
                  | (rElec) [an orb of fire]
 71315 | Zot:4    | Gained mutation: Armour fits poorly on your strangely
                  | shaped body. [an orb of fire]
 71319 | Zot:4    | Killed an orb of fire
 71838 | Zot:4    | Paralysed by you for 6 turns
 72158 | Zot:5    | Entered Level 5 of the Realm of Zot
 72739 | Geh:1    | Entered Level 1 of Gehenna
 74469 | Coc:6    | Reached skill level 20 in Maces & Flails
 74941 | Coc:7    | Noticed Antaeus
 74969 | Coc:7    | Identified the cursed +0 great mace of Yqiujev {venom,
                  | *Slow +Inv SInv Stlth+}
 75236 | Coc:7    | Identified the Volume of Lightness
 75245 | Coc:7    | Got an icy rune of Zot
 75373 | Coc:7    | Got a faintly humming robe
 75559 | Dis:1    | Entered Level 1 of the Iron City of Dis
 75862 | Dis:2    | Identified the cursed +0 robe of Daisies {+Blink Int+4}
                  | (You found it on level 7 of Cocytus)
 76682 | Dis:5    | Gained mutation: You are occasionally teleported next to
                  | monsters. [mutagenic glow]
 76696 | Dis:5    | Gained mutation: Your body sometimes deteriorates upon
                  | taking damage. [mutagenic glow]
 77015 | Dis:7    | Entered Level 7 of the Iron City of Dis
 77016 | Dis:7    | Found a huge runed gate.
 77017 | Dis:7    | Found a huge runed gate.
 77019 | Dis:7    | Found a huge runed gate.
 77019 | Dis:7    | Found a huge runed gate.
 77019 | Dis:7    | Found a huge runed gate.
 77019 | Dis:7    | Found a huge runed gate.
 77019 | Dis:7    | Found a huge runed gate.
 77019 | Dis:7    | Found a huge runed gate.
 77019 | Dis:7    | Found a huge runed gate.
 77053 | Dis:7    | Reached skill level 21 in Maces & Flails
 77086 | Dis:7    | Gained mutation: You are dopey. (Int -2) [mutagenic glow]
 77118 | Dis:7    | Gained mutation: You are clumsy. (Dex -2) [mutagenic glow]
 77233 | Dis:7    | Lost mutation: You have supernaturally acute eyesight.
                  | (SInv) [a cacodemon]
 77255 | Dis:7    | Killed from afar by a Hell Sentinel

Levels and vault maps discovered:
D:1:      dpeg_arrival_pits, layout_loops_ring
D:2:      layout_basic, uniq_natasha
D:3:      layout_loops_ring, elyvilon_altar_3, uniq_ijyb, uniq_grinder,
          uniq_sigmund
D:4:      layout_cave_pools, first_ration
D:5:      layout_cave_pools, moated_statue, grunt_decor_cap
D:6:      layout_layer_cave, minmay_temple_entry_slanted, serial_shops,
          shop_statue, uniq_menkaure, uniq_duvessa
D:7:      layout_loops_corners, chequers_temple_overflow_statue_of_worship,
          overflow_temple_1_default, serial_shops, shop, uniq_prince_ribbit1
D:8:      gammafunk_beogh_shrine, layout_basic, basic_altar, serial_shops,
          nicolae_shop_waterfront, shop, shop, the_bakery
D:9:      layout_roguey, kennysheep_minor_cross,
          minmay_guarded_unrand_resistance
D:10:     layout_roguey, ebering_ghost_inner_flame,
          nicolae_trove_entry_crossroad
D:11:     layout_basic, lair_entry_dummy, nicolae_transmutations_shop
D:12:     layout_long_grid, erik_orc_3, corexii_hall_statues_l,
          minmay_lindwurm_lava
D:13:     layout_rooms, erik_vaults_1
D:14:     layout_loops_corners, serial_shops, shop, ebering_ghost_inner_flame
D:15:     hangedman_depths_entry_civil_slaughter, layout_basic, serial_shops,
          shop, serial_glass, glass_columns_a, glass_columns_a, feat_on_display,
          hangedman_ru_absence, minmay_guarded_unrand_prune
Temple:   hc_temple_tempest_star
Lair:1:   layout_roguey, basic_altar, uniq_erica, uniq_gastronok, uniq_grum,
          uniq_sonja
Lair:2:   layout_roguey, beast_lair_carwin_10
Lair:3:   layout_loops_ring, shoals_dummy_entry,
          nicolae_spider_entry_orb_guardian, portal_ice_cave_entry_pillars_2,
          grunt_megastairs_1
Lair:4:   layout_gridlike, serial_bayou_shore_a, serial_bayou_shore_b,
          lemuel_fruit_fields, infiniplex_staircase_pool_2, grunt_megastairs_2
Lair:5:   layout_loops_ring, slime_altar_1, st_stairs_9, lemuel_fruit_tree
Lair:6:   minmay_lair_end_enchanted_forest, layout_loops_ring, st_stairs_4,
          serial_bayou_shore_b, grunt_megastairs_5
Shoals:1: layout_shoals
Shoals:2: layout_shoals, uniq_polyphemus
Shoals:3: layout_shoals, serial_shops, shop
Shoals:4: shoals_end_grunt_garden, layout_shoals, dpeg_stationary_puzzle
Spider:1: layout_spider_delve
Spider:2: gammafunk_the_bubble [the_bubble_gammafunk_grid], uniq_louise,
          uniq_arachne
Spider:3: layout_spider_delve
Spider:4: guppyfry_spider_rune, nicolae_spider_shape
Slime:1:  layout_caves
Slime:2:  layout_caves, special_room [special_room_jelly], nicolae_slime_barrier
Slime:3:  cheibrodos_slime_lost_civilization_1, layout_caves,
          nicolae_slime_phagocytosis
Slime:4:  layout_caves
Slime:5
Orc:1:    layout_diamond_mine, enter_volcano_4, abandoned_shop
Orc:2:    st_orc_open, layout_diamond_mine, nicolae_alphabet_shops,
          roderic_batcave, minmay_orc_barracks
Elf:1:    elf_arrival_001, layout_gridlike, hangedman_corner_corridor,
          minmay_shop_grove
Elf:2:    layout_rooms, serial_shops, shop_fountains, sword_in_stone
Elf:3:    elf_hall, layout_geoelf_castle, serial_shops, shop_fountains
Vaults:1: vaults_room_grid, nicolae_vaults_c_with_doors,
          nicolae_vaults_circle_grid_b, v_misc_25, nicolae_vaults_specimen_jars,
          hangedman_vaults_cutoff, v_misc_18, nicolae_vaults_alarming,
          v_misc_17, hangedman_vaults_river_flow, layout_vaults_omnigrid,
          uniq_donald
Vaults:2: grunt_vaults_twisty, ontoclasm_vaults_ring_large,
          hangedman_vaults_locks, v_misc_25, hangedman_vaults_corner_blocks,
          vaults_dpeg_hooks, nicolae_vaults_mini_display_case,
          vaults_mumra_minichess_inversion, st_lattice, v_misc_33,
          ontoclasm_vaults_idyll, vaults_room_corners, layout_vaults_big_cross
Vaults:3: minmay_crypt_entry_simple_box, dpeg_vaults_monster_row,
          nicolae_vaults_display_case, v_misc_28, vaults_mumra_chevron_long,
          vaults_room_fancy_cross, nicolae_vaults_little_squares_5,
          ontoclasm_vaults_loading_screen, hangedman_vaults_slice,
          layout_vaults_big_room, serial_shops, bzr_entry_safe, uniq_saint_roka
Vaults:4: nicolae_vaults_border_crossing, vaults_room_grid,
          nicolae_vaults_arrows, vaults_room_large_hall, v_misc_5, v_pattern_2,
          grunt_vaults_hallway_short, vaults_room_octagon,
          nicolae_vaults_bisected_slash, ontoclasm_vaults_decontamination,
          vaults_room_semicircle, v_misc_8, layout_vaults_maze_snakey,
          uniq_frederick
Vaults:5: serial_shops
Depths:1: layout_gridlike, hell_entry, minmay_misc_feat_cross,
          evilmike_ruin_ashenzari
Depths:2: grunt_bent_corner, layout_basic, pf_hell_entry_great_geh, abyss_entry,
          minmay_fountain_box, hangedman_decor_cross_pass
Depths:3: hangedman_cross_stitches, layout_gridlike, hell_entry, serial_shops,
          nicolae_shop_behind_doors, nicolae_shop_behind_doors,
          kennysheep_little_box, chequers_serial_rivers_micro_c,
          rand_demon_pan_entry_1, minmay_staircase_statues_hall_small
Depths:4: minmay_bloctagon, layout_cave_pools, abyss_entry_flame_altar,
          hell_entry, drop_trap, minivault_11, minmay_misc_feat_alley,
          nicolae_twisting_strands, serial_bayou_lagoon_a
Depths:5: grunt_zot_entry_hairpin, layout_basic, enter_ziggurat_a,
          hangedman_decor_growths, hell_entry
Hell
Dis:1:    layout_subdivisions
Dis:2:    layout_regular_city, hangedman_dis_chains
Dis:3:    layout_regular_city, hangedman_dis_decor_blocks_talon, evilmike_ambush
          [evilmike_ambush_outer_doors, evilmike_ambush_inner_basic]
Dis:4:    layout_chaotic_city, nicolae_dis_strange_trophy_room
Dis:5:    layout_subdivisions
Dis:6:    layout_jigsaw
Dis:7:    iron_city_of_dis [dis_grunt, dis_wall_4], layout_chaotic_city,
          door_vault
Geh:1:    layout_gehenna_pools_triple
Coc:1:    layout_cocytus_delve, grunt_megastairs_4
Coc:2:    layout_cocytus_water_paths
Coc:3:    layout_ice_bergs
Coc:4:    layout_ice_bergs
Coc:5:    layout_ice_bergs
Coc:6:    layout_cocytus_water_paths
Coc:7:    coc_hangedman
Zot:1:    layout_misc_corridors
Zot:2:    layout_basic, st_small_dragon_hoard_2
Zot:3:    layout_misc_corridors
Zot:4:    gammafunk_mikee_crab_dinner, layout_onion_interference,
          evilmike_ambush [evilmike_ambush_outer_doors,
          evilmike_ambush_inner_basic]
Zot:5:    layout_twisted_circle

Skill      XL: |  1  2  3  4  5  6  7  8  9 10 11 12 13 14 15 16 17 18 19 20 21 22 23 24 25 26 27 |
---------------+----------------------------------------------------------------------------------+-----
Transmutations | 2 3 4 5 6 7 8 9 10 11 12 13 14 16 | 16.9
Spellcasting   | 5 6 7 8 9 10 11 12 13 14 15 16 17 19 | 19.9
Fighting       | 1 2 3 4 5 6 7 8 9 10 11 12 13 14 15 16 19 | 19.4
Short Blades   | 1 2 3 4 5 6 7 8 9 10 11 12 13 14 15 16 17 19 | 19.6
Long Blades    | 1 2 3 4 5 6 7 8 9 10 11 12 13 14 15 16 19 | 19.4
Axes           | 1 2 3 4 5 6 7 8 9 10 11 12 13 14 15 16 19 | 19.4
Maces & Flails | 1 2 3 4 5 6 7 8 9 10 11 12 13 14 15 16 21 | 21.1
Polearms       | 1 2 3 4 5 6 7 8 9 10 11 12 13 14 15 16 19 | 19.4
Staves         | 1 2 3 4 5 6 7 8 9 10 11 12 13 14 15 16 19 | 19.4
Slings         | 1 2 3 4 5 6 7 8 9 10 11 12 13 14 15 16 19 | 19.4
Bows           | 1 2 3 4 5 6 7 8 9 10 11 12 13 14 15 16 19 | 19.4
Crossbows      | 1 2 3 4 5 6 7 8 9 10 11 12 13 14 15 16 19 | 19.4
Throwing       | 1 2 3 4 5 6 7 8 9 10 11 12 13 14 15 16 19 | 19.4
Armour         | 1 2 3 4 5 6 7 8 9 10 11 12 13 14 15 16 19 | 19.4
Shields        | 1 2 3 4 5 6 7 8 9 10 11 12 13 14 15 16 19 | 19.4
Unarmed Combat | 1 2 3 4 5 6 7 8 9 10 11 12 13 14 15 16 19 | 19.4
Invocations    | 1 2 3 4 5 6 7 8 9 10 11 12 13 14 15 16 17 18 20 | 20.8
Evocations     | 1 2 3 4 5 6 7 8 9 10 11 12 13 14 15 16 19 | 19.4
Conjurations   | 1 2 3 4 5 6 7 8 9 10 11 12 13 14 16 | 16.8
Hexes          | 1 2 3 4 5 6 7 8 9 10 11 12 13 14 16 | 16.8
Charms         | 1 2 3 4 5 6 7 8 9 10 11 12 13 14 16 | 16.8
Summonings     | 1 2 3 4 5 6 7 8 9 10 11 12 13 14 16 | 16.8
Necromancy     | 1 2 3 4 5 6 7 8 9 10 11 12 13 14 18 | 18.4
Translocations | 1 2 3 4 5 6 7 8 9 10 11 12 13 14 16 | 16.8
Fire Magic     | 1 2 3 4 5 6 7 8 9 10 11 12 13 14 16 | 16.8
Ice Magic      | 1 2 3 4 5 6 7 8 9 10 11 12 13 14 16 | 16.8
Air Magic      | 1 2 3 4 5 6 7 8 9 10 11 12 13 14 16 | 16.8
Poison Magic   | 1 2 3 4 5 6 7 8 9 10 11 12 13 14 16 | 16.8
Dodging        | 5 6 7 8 9 10 11 12 13 14 15 16 17 19 | 19.8
Stealth        | 5 6 7 8 9 10 11 12 13 14 15 16 17 19 | 19.7
Earth Magic    | 6 7 8 9 10 11 12 13 14 15 17 | 17.4

Action                   |  1- 3 |  4- 6 |  7- 9 | 10-12 | 13-15 | 16-18 | 19-21 | 22-24 | 25-27 || total
-------------------------+-------+-------+-------+-------+-------+-------+-------+-------+-------++-------
Melee: Halberd           |       |    81 |    46 |       |       |       |       |       |       ||   127
       Bite              |       |     4 |    11 |    21 |   110 |   143 |   326 |   234 |   656 ||  1505
       Dagger            |       |       |     6 |       |       |       |       |       |       ||     6
       War axe           |       |       |    19 |    81 |   112 |       |       |       |       ||   212
       Punch             |       |       |     1 |     1 |       |       |       |       |       ||     2
       Unarmed           |       |       |       |       |    45 |       |       |       |       ||    45
       Scimitar          |       |       |       |       |   355 |   511 |   517 |       |       ||  1383
       Staff             |       |       |       |       |       |    23 |   499 |   803 |   285 ||  1610
       Eveningstar       |       |       |       |       |       |       |       |       |  2488 ||  2488
       Kick              |       |       |       |       |       |       |       |       |   253 ||   253
Throw: Stone             |       |       |       |       |       |     1 |       |       |       ||     1
 Cast: Sandblast         |     7 |    41 |    35 |    69 |    57 |    96 |     5 |       |       ||   310
       Stone Arrow       |       |       |   175 |   243 |   259 |   164 |       |       |       ||   841
       Sticks to Snakes  |       |       |     3 |     7 |    11 |    34 |       |       |       ||    55
       Lee's Rapid Decon |       |       |     1 |     8 |    31 |    10 |     5 |       |       ||    55
       Summon Lightning  |       |       |       |     8 |    56 |    66 |    38 |    25 |     9 ||   202
       Regeneration      |       |       |       |     3 |     6 |     8 |     5 |     4 |    48 ||    74
       Petrify           |       |       |       |     3 |     4 |       |       |       |       ||     7
       Ice Form          |       |       |       |       |     8 |       |       |       |       ||     8
       Force Lance       |       |       |       |       |     1 |       |       |       |     3 ||     4
       Animate Dead      |       |       |       |       |    16 |    59 |       |       |       ||    75
       Statue Form       |       |       |       |       |     7 |    45 |    69 |    44 |    71 ||   236
       Summon Mana Viper |       |       |       |       |       |    87 |   174 |   133 |   129 ||   523
       Aura of Abjuratio |       |       |       |       |       |     4 |     5 |     4 |     2 ||    15
       Borgnjor's Vile C |       |       |       |       |       |       |    73 |   141 |   148 ||   362
       Song of Slaying   |       |       |       |       |       |       |    12 |     6 |     2 ||    20
       Simulacrum        |       |       |       |       |       |       |     7 |       |       ||     7
       Blink             |       |       |       |       |       |       |       |       |    17 ||    17
       Freezing Cloud    |       |       |       |       |       |       |       |       |     1 ||     1
       Infestation       |       |       |       |       |       |       |       |       |    52 ||    52
       Apportation       |       |       |       |       |       |       |       |       |    11 ||    11
       Disjunction       |       |       |       |       |       |       |       |       |     5 ||     5
       Controlled Blink  |       |       |       |       |       |       |       |       |     4 ||     4
       Summon Butterflie |       |       |       |       |       |       |       |       |     1 ||     1
Invok: Slouch            |       |       |       |       |       |     8 |     9 |     3 |    15 ||    35
Evoke: Wand              |       |       |       |     5 |     6 |     5 |       |     5 |    23 ||    44
       Phial of floods   |       |       |       |       |       |     1 |     1 |     2 |     5 ||     9
       Staff of Wucad Mu |       |       |       |       |       |       |     1 |     1 |       ||     2
       Lamp of fire      |       |       |       |       |       |       |       |     1 |    11 ||    12
       Horn of Geryon    |       |       |       |       |       |       |       |     1 |     8 ||     9
       Sack of spiders   |       |       |       |       |       |       |       |     1 |     5 ||     6
       Fan of gales      |       |       |       |       |       |       |       |       |     4 ||     4
       Lightning rod     |       |       |       |       |       |       |       |       |     4 ||     4
       Box of beasts     |       |       |       |       |       |       |       |       |     2 ||     2
  Use: Potion            |       |     1 |       |       |     3 |       |       |     2 |    22 ||    28
       Scroll            |       |       |     1 |     3 |    10 |    20 |    12 |     8 |    31 ||    85
 Stab: Sleeping          |       |    19 |     4 |     7 |    14 |     5 |    25 |     2 |    36 ||   112
       Distracted        |       |     1 |       |     3 |    11 |    11 |    27 |    38 |    52 ||   143
       Petrified         |       |       |       |     2 |       |     2 |       |       |       ||     4
       Petrifying        |       |       |       |       |       |     1 |       |       |       ||     1
       Invisible         |       |       |       |       |       |       |       |       |     8 ||     8
       Confused          |       |       |       |       |       |       |       |       |     3 ||     3
  Eat: Chunk             |       |     5 |    18 |    13 |    19 |    13 |    20 |    13 |    16 ||   117
       Ration            |       |       |     2 |       |     1 |     3 |     1 |     2 |     8 ||    17
Armor: Robe              |       |     8 |    18 |    27 |    28 |       |       |       |       ||    81
       Skin              |       |       |       |       |    52 |   270 |   315 |   252 |   327 ||  1216
       Scale mail        |       |       |       |       |    65 |   136 |    62 |    54 |   141 ||   458
       Gold dragon scale |       |       |       |       |       |       |       |       |   505 ||   505
Dodge: Dodged            |     2 |    66 |   136 |   190 |   559 |  1016 |  1500 |  1119 |  3451 ||  8039
       Deflected         |       |       |       |       |       |    16 |    31 |    23 |    64 ||   134
Block: Buckler           |       |       |       |    30 |     5 |       |       |       |       ||    35
       Shield            |       |       |       |       |   619 |   964 |  1544 |  1228 |  3760 ||  8115
       Large shield      |       |       |       |       |       |    82 |       |       |       ||    82
       Rpst.: Scimitar   |       |       |       |       |    82 |   167 |   187 |       |       ||   436
